 Dungeon Crawl Stone Soup version 0.18.1-5-g4a78601 (webtiles) character file.

303 Hipnos the Digger (level 6, 0/32 HPs)
             Began as a Deep Elf Earth Elementalist on May 9, 2016.
             Slain by an orc
             ... wielding a +0 club
              (5 damage)
             ... on level 2 of the Dungeon.
             The game lasted 00:15:34 (3074 turns).

Hipnos the Digger (Deep Elf Earth Elementalist)     Turns: 3074, Time: 00:15:35

Health: 0/32       AC:  2    Str:  5    XL:     6   Next: 15%
Magic:  1/15       EV: 13    Int: 26    God:
Gold:   108        SH:  3    Dex: 15    Spells: 3 memorised, 8 levels left

rFire  . . .     SeeInvis .     e - +0 dagger (holy)
rCold  . . .     Gourm    .     a - +0 robe
rNeg   . . .     Faith    .     g - +0 buckler
rPois  .         Spirit   .     (no helmet)
rElec  .         Dismiss  .     (no cloak)
rCorr  .         Reflect  .     (no gloves)
SustAt .         Harm     .     (no boots)
MR     .....                    (no amulet)
Stlth  ++........               (no ring)
                                t - +4 ring of intelligence

@: not resistant to hostile enchantments, unstealthy
A: no striking features
a: no special abilities


You were on level 2 of the Dungeon.
You were not hungry.

You visited 1 branch of the dungeon, and saw 3 of its levels.

You collected 108 gold pieces.

Inventory:

Hand Weapons
 e - a +0 dagger of holy wrath (weapon)
Missiles
 u - 9 stones (quivered)
Armour
 a - a +0 robe (worn)
 g - a +0 buckler (worn)
Jewellery
 t - a +4 ring of intelligence (left hand)
Wands
 o - a wand of iceblast (8/15)
 q - a wand of acid (8/15)
Scrolls
 f - 2 scrolls of recharging {unknown}
 h - 2 scrolls of enchant weapon {unknown}
 i - a scroll of remove curse {unknown}
 l - 4 scrolls of identify {unknown}
 m - 2 scrolls of teleportation {unknown}
 v - a scroll of noise {unknown}
Potions
 n - a potion of brilliance {unknown}
 p - a potion of resistance {unknown}
 r - a potion of haste {unknown}
 w - a potion of curing {unknown}
Books
 c - a book of Geomancy

   Spells                             Type                      Level
   a - Sandblast                      Earth                        1
   b - Passwall                       Transmutation/Earth          2
   c - Stone Arrow                    Conjuration/Earth            3
   d - Petrify                        Transmutation/Earth          4
   e - Lee's Rapid Deconstruction     Earth                        5
Comestibles
 b - 5 chunks of flesh
 d - 2 bread rations
 j - a slice of pizza
 k - 2 meat rations
 s - 2 fruits


   Skills:
 + Level 3.5 Dodging
 - Level 2.6 Stealth
 + Level 0.1 Shields
 + Level 4.8 Spellcasting
 * Level 1.9 Conjurations
 - Level 1.1 Transmutations
 * Level 5.9 Earth Magic


You had 8 spell levels left.
You knew the following spells:

 Your Spells              Type           Power        Failure   Level  Hunger
a - Sandblast             Erth           #####.       1%          1    None
b - Passwall              Trmt/Erth      ###.......   6%          2    None
c - Stone Arrow           Conj/Erth      ####..       10%         3    ##.....


Dungeon Overview and Level Annotations

Branches:
Dungeon (3/15)

Altars:
Trog

Annotations:
D:3 Jessica


Message History

You block the orc's attack.
You hit the orc but do no damage.
The orc is heavily wounded.
You block the orc's attack.
You hit the orc but do no damage.
The orc is moderately wounded.
The orc misses you.
You closely miss the orc.
The orc is moderately wounded.
The orc hits you with a club.
* * * LOW HITPOINT WARNING * * *
Casting: Sandblast
Confirm with . or Enter, or press ? or * to list all spells.
Aiming: Sandblast
Press: ? - help, Shift-Dir - straight line, f/p - orc
Aim: an orc, wielding a club and wearing a shiny scale mail (lightly wounded)
The blast of sand hits the orc.
The orc is lightly wounded.
The orc hits you with a club.
You die...

..........#....# #.###.#####
#######)#####..###.# #.#
#.....#.....#......###.#
#....###....#..###...#.# #...##
##...#..###.#...####### #..##
##..#................# #†##
##.#............###.#### #†#
#'##...........###..... #.##
##.##..@o........>.##### #.†##
##.÷#.............#...... #...##
##...#....................
#....###....###..........#######.
#.....÷.÷†..#..)###......).......
#############.........###########
.........###.##########
.........##..# .#....)..#..##


You could see an orc.

Vanquished Creatures
  An orc priest (D:3)
  3 orc wizards (D:3)
  3 gnolls (D:2)
  4 adders
  An ooze (D:3)
  2 worms (D:2)
  2 dart slugs (D:2)
  5 giant geckos
  10 orcs (D:3)
  3 giant cockroaches
  7 goblins
  8 hobgoblins
  3 jackals (D:1)
  3 quokkas
  2 ball pythons
  11 bats
  3 giant newts
  4 kobolds
  36 rats
111 creatures vanquished.

Notes
Turn   | Place    | Note
--------------------------------------------------------------
     0 | D:1      | Hipnos the Deep Elf Earth Elementalist began the quest for the Orb.
     0 | D:1      | Reached XP level 1. HP: 10/10 MP: 6/6
   175 | D:1      | Reached XP level 2. HP: 15/15 MP: 6/8
  1153 | D:2      | Reached skill level 4 in Earth Magic
  1153 | D:2      | Reached XP level 3. HP: 6/19 MP: 1/9
  1421 | D:2      | Learned a level 2 spell: Passwall
  1425 | D:2      | Learned a level 3 spell: Stone Arrow
  1558 | D:2      | Reached XP level 4. HP: 15/24 MP: 3/11
  1672 | D:2      | Reached skill level 1 in Conjurations
  2141 | D:2      | Reached skill level 5 in Earth Magic
  2315 | D:3      | Reached XP level 5. HP: 28/28 MP: 9/12
  2623 | D:3      | HP: 1/28 [something (1)]
  2624 | D:3      | Reached XP level 6. HP: 1/32 MP: 0/15
  3013 | D:3      | Found a bloodstained altar of Trog.
  3028 | D:3      | Noticed Jessica
  3074 | D:2      | Slain by an orc

Skill      XL: |  1  2  3  4  5 |
---------------+----------------+-----
Dodging        | 3 |  3.5
Earth Magic    | 4 5 |  5.9
Conjurations   | 1 |  1.9
Spellcasting   | 4 |  4.8
Stealth        | |  2.6
Shields        | |  0.1
Transmutations | |  1.1

Action                   |  1- 3 |  4- 6 || total
-------------------------+-------+-------++-------
Melee: Unarmed           |    13 |       ||    13
       Dagger            |       |     8 ||     8
 Cast: Sandblast         |    66 |   125 ||   191
       Passwall          |       |     1 ||     1
       Stone Arrow       |       |     1 ||     1
  Use: Potion            |     3 |       ||     3
  Eat: Chunk             |     2 |     4 ||     6
Armor: Robe              |     7 |     3 ||    10
       Skin              |     1 |       ||     1
Dodge: Dodged            |    34 |    33 ||    67
Block: Buckler           |     6 |     7 ||    13
